 Dungeon Crawl Stone Soup version 0.31-a0-876-gfe8ebadbca (webtiles) character file.

Game seed: 4435421404687231397

457 Ahpoh the Slasher (level 6, -1/47 HPs)
             Began as a Demonspawn Gladiator on Oct 13, 2023.
             Slain by Duvessa
             ... wielding a +0 rapier
              (10 damage)
             ... on level 4 of the Dungeon.
             The game lasted 00:09:33 (3617 turns).

Ahpoh the Slasher (Demonspawn Gladiator)            Turns: 3617, Time: 00:09:34

Health: -1/47      AC: 14    Str: 15    XL:     6   Next: 77%
Magic:  6/6        EV:  5    Int:  9    God:
Gold:   226        SH:  0    Dex: 22    Spells: 5/5 levels left

rFire   . . .        a - +0 long sword
rCold   . . .        (no shield)
rNeg    . . .        i - +0 plate armour
rPois   .            c - +0 helmet
rElec   .            (no cloak)
rCorr   .            (no gloves)
SInv    .            (no boots)
Will    .....        (no amulet) Stlth
                     h - +6 ring of dexterity
HPRegen 0.27/turn    l - ring of flight
MPRegen 0.10/turn

%: no passive effects
@: mighty, flying
A: thin metallic scales 1, powered by pain 1, spiny 1, weakness stinger 1
a: no special abilities


You were on level 4 of the Dungeon.
You visited 1 branch of the dungeon, and saw 4 of its levels.
You also visited: Sewer.

You collected 226 gold pieces.

Inventory:

Hand Weapons
 a - a +0 long sword (weapon)
Missiles
 d - 3 throwing nets (quivered)
 e - 7 javelins
 j - 3 boomerangs
 o - 8 stones
Armour
 c - a +0 helmet (worn)
 i - a +0 plate armour (worn)
 k - an orb of energy
Jewellery
 h - a +6 ring of dexterity (left hand)
 l - a ring of flight (right hand)
Scrolls
 b - a scroll of blinking {unknown}
 f - 3 scrolls of noise
 m - a scroll of fear {unknown}
 r - a scroll of acquirement {unknown}
 t - a scroll of fog {unknown}
 u - a scroll of poison {unknown}
 v - a scroll of identify
 w - 2 scrolls of enchant weapon {unknown}
Potions
 g - 2 potions of heal wounds
 n - a potion of ambrosia
 p - a potion of haste {unknown}
 q - 5 potions of enlightenment
 s - a potion of mutation
 x - a potion of invisibility {unknown}
 z - a potion of berserk rage {unknown}


   Skills:
 + Level 3.0 Fighting
 + Level 5.6 Long Blades
 + Level 1.8 Throwing
 + Level 2.7 Armour
 + Level 3.1 Dodging
 + Level 0.6 Stealth


You had 5 spell levels left.
You didn't know any spells.
Your spell library contained the following spells:

 Spells                   Type           Power      Damage    Failure   Level
 Apportation              Tloc           0%         N/A       100%        1
 Necrotise                Necr           0%         1d4       100%        1
 Summon Small Mammal      Summ           0%         N/A       100%        1
 Static Discharge         Conj/Air       0%         2-2/arc   100%        2
 Gell's Gravitas          Tloc           0%         N/A       100%        3
 Teleport Other           Tloc           0%         N/A       100%        3
 Airstrike                Air            0%         2d(0-16)  100%        4
 Summon Lightning Spire   Summ/Air       0%         N/A       100%        4
 Dispersal                Tloc           0%         N/A       100%        6
 Malign Gateway           Summ/Tloc      0%         N/A       100%        7
 Summon Horrible Things   Summ           0%         N/A       100%        8


Dungeon Overview and Level Annotations

Branches:
Dungeon (4/15)              Sewer (visited)
 Temple: D:4-7

Altars:

Shops:
D:2 (

Annotations:
D:4 Duvessa


Innate Abilities, Weirdness & Mutations

You are partially covered in thin metallic scales. (AC +2)
You sometimes gain a little power by taking damage.
You are partially covered in sharp spines.
You have a small tail.


Message History

You throw a throwing net. The throwing net hits Duvessa.
Duvessa is caught in the net!
Duvessa struggles against the net.
You hit Duvessa.
Duvessa is lightly wounded.
Duvessa struggles against the net. x2
The net rips apart, and Duvessa comes free!
You hit Duvessa.
Your tail-slap misses Duvessa.
Duvessa is lightly wounded.
Duvessa is struck by your spines. Duvessa hits you but does no damage.
You closely miss Duvessa. You tail-slap Duvessa.
Duvessa is moderately wounded.
Duvessa hits you with a +0 rapier!
You focus on the pain.
You feel very mighty all of a sudden. Duvessa hits you but does no damage.
Throw: 4 throwing nets
Press: ? - help, Q - select action, (/) - cycle Shift-Dir - straight line, f/p - Duvessa
Aim: Duvessa, wielding a +0 rapier and wearing a +0 leather armour of poison resistance (moderately wounded, berserk, 65% to hit)
You throw a throwing net. The throwing net hits Duvessa.
Duvessa is caught in the net!
Duvessa is moderately wounded.
Duvessa struggles against the net.
You slash Duvessa!
Duvessa is heavily wounded.
Duvessa struggles against the net. x2
You slash Duvessa! You tail-slap Duvessa!
Duvessa is severely wounded.
Duvessa struggles against the net.
The net rips apart, and Duvessa comes free!
Duvessa is struck by your spines. Duvessa hits you with a +0 rapier!
You closely miss Duvessa.
Duvessa is severely wounded.
Duvessa hits you with a +0 rapier!
* * * LOW HITPOINT WARNING * * *
You slash Duvessa!
Duvessa is almost dead.
Duvessa hits you with a +0 rapier.
* * * LOW HITPOINT WARNING * * *
Duvessa hits you with a +0 rapier!
You die...

#.#######.# #.#
#.###### #.#
#.##...## #.#
#.#.....##
#.#######........#
#.##..............
#.##.#........>...
#.##.#.##.........
#@##.#.##........#
#e#....##.#.....##
#.........##...###
###....######### #
##<#.# # #.#.#
###### #.#.#
#..... #.#.##
#.#### #)#..# #..#


You could see Duvessa (berserk).

Vanquished Creatures
  Dowan (D:4)
  A jelly (D:4)
  2 orc wizards (D:4)
  7 gnolls
  8 adders
  7 river rats
  4 worms
  2 dart slugs
  3 orcs
  17 ball pythons
  4 endoplasms
  8 giant cockroaches
  9 goblins
  9 hobgoblins
  6 jackals
  4 kobolds
  3 quokkas
  8 bats
  6 frilled lizards
  13 rats
122 creatures vanquished.

Notes
Turn   | Place    | Note
-------+----------+-------------------------------------------
     0 | D:1      | Ahpoh the Demonspawn Gladiator began the quest for the Orb.
     0 | D:1      | Reached XP level 1. HP: 16/16 MP: 1/1
   297 | D:1      | Reached skill level 3 in Long Blades
   297 | D:1      | Gained mutation: You are partially covered in thin metallic
                  | scales. (AC +2) [demonic ancestry]
   297 | D:1      | Reached XP level 2. HP: 22/22 MP: 2/2
  1009 | D:2      | Found Pucealu's Weapon Shoppe.
  1040 | D:2      | Reached XP level 3. HP: 27/27 MP: 3/3
  1092 | D:2      | Reached skill level 1 in Armour
  1219 | D:2      | Gained mutation: You sometimes gain a little power by
                  | taking damage. [demonic ancestry]
  1219 | D:2      | Reached XP level 4. HP: 32/33 MP: 4/4
  1877 | D:3      | Reached skill level 4 in Long Blades
  1984 | D:3      | Gained mutation: You are partially covered in sharp spines.
                  | [demonic ancestry]
  1984 | D:3      | Reached XP level 5. HP: 19/38 MP: 5/5
  2253 | D:4      | Noticed Dowan
  2263 | D:4      | Killed Dowan
  2392 | D:4      | Found a glowing drain.
  2405 | Sewer    | Entered a sewer
  2526 | Sewer    | Reached skill level 5 in Long Blades
  2543 | Sewer    | Gained mutation: You have a small tail. [demonic ancestry]
  2543 | Sewer    | Reached XP level 6. HP: 32/46 MP: 6/6
  3605 | D:4      | Noticed Duvessa
  3617 | D:4      | Slain by Duvessa

Illustrated notes

Levels and vault maps discovered:
D:1:      dpeg_arrival_round_b, layout_basic, serial_bayou_lagoon_a
D:2:      layout_basic, serial_co_window_serial, co_window_of_opportunity_a,
          co_window_paths_a, co_window_corner_a, co_window_corner_a,
          co_window_paths_a, co_window_paths_c, co_window_of_opportunity_b,
          co_window_cross_2, co_window_of_opportunity_c,
          co_window_of_opportunity_c, glass_columns_c, serial_shops, shop
D:3:      layout_basic, demons_altar, serial_glass, glass_columns_a,
          glass_columns_b, glass_columns_b, glass_columns_a, glass_columns_a,
          glass_columns_a, glass_columns_c, glass_columns_b, glass_columns_a,
          glass_columns_b, minmay_pentomino_pile, uniq_pargi
D:4:      layout_loops_ring, lightli_sewer_entry_pipes, minmay_diced_spiral,
          uniq_duvessa

Skill      XL: |  1  2  3  4  5  6 |
---------------+-------------------+-----
Long Blades    | 3 4 5 |  5.6
Dodging        | 3 |  3.1
Armour         | 1 2 |  2.7
Fighting       | 3 |  3.0
Throwing       | |  1.8
Stealth        | |  0.6

Action                     |  1- 3 |  4- 6 || total
---------------------------+-------+-------++-------
  Melee: Long sword        |    92 |   163 ||   255
         Tailslap          |       |    10 ||    10
         Punch             |       |     2 ||     2
  Throw: Throwing net      |       |     2 ||     2
    Use: Scroll            |       |     3 ||     3
         Potion            |       |     1 ||     1
   Stab: Sleeping          |     1 |       ||     1
 Armour: Leather armour    |    28 |       ||    28
         Plate armour      |    62 |   143 ||   205
         Skin              |       |     4 ||     4
  Dodge: Dodged            |    43 |    41 ||    84

Table legend: (Time is in decaauts)
 A = Elapsed time spent in this place.
 B = Non-inter-level travel time spent in this place.
 C = Inter-level travel time spent in this place.
 D = Time resting spent in this place.
 E = Time spent auto-exploring this place.
 F = Levels seen in this place.
 G = Mean time per level.
                   A        B        C        D        E       F      G
               +--------+--------+--------+--------+--------+-----+--------+
         Total |   3676 |   3626 |     50 |      0 |   2381 |   5 |  735.2 |
       Dungeon |   3056 |   3006 |     50 |      0 |   1987 |   4 |  764.0 |
         Sewer |    620 |    620 |      0 |      0 |    394 |   1 |  620.0 |
               +--------+--------+--------+--------+--------+-----+--------+

Top non-repeatable levels by time:
     D:1: 937 daAuts
     D:2: 797 daAuts
     D:4: 758 daAuts
   Sewer: 620 daAuts
     D:3: 562 daAuts
